 Dungeon Crawl Stone Soup version 0.30.0-5-g1a98f26d00 (webtiles) character file.

Game seed: 15714739928737504012

146 jasper the Chopper (level 5, -2/42 HPs)
             Began as a Demonspawn Cinder Acolyte on May 11, 2023.
             Was a High Priest of Ignis.
             Slain by a kobold
             ... wielding a +0 club
              (5 damage)
             ... on level 4 of the Dungeon.
             The game lasted 00:02:12 (1176 turns).

jasper the Chopper (Demonspawn Cinder Acolyte)      Turns: 1176, Time: 00:02:13

Health: -2/42      AC: -3    Str: 17    XL:     5   Next: 7%
Magic:  6/6        EV:  7    Int: 15    God:    Ignis [*****.]
Gold:   135        SH:  4    Dex:  8    Spells: 6/6 levels left

rFire   + . .        s - +0 broad axe
rCold   . . .        (no shield)
rNeg    . . .        d - +0 chain mail
rPois   .            (no helmet)
rElec   .            (no cloak)
rCorr   .            (no gloves)
SInv    .            (no boots)
Will    .....        (no amulet) Stlth
                     (no ring)
HPRegen 0.27/turn    (no ring)
MPRegen 0.10/turn

%: no passive effects
@: corroded
A: large bone plates 1
a: Renounce Religion, Fiery Armour, Foxfire Swarm, Rising Flame


You were on level 4 of the Dungeon.
You worshipped Ignis.
Ignis was extremely pleased with you.
You visited 1 branch of the dungeon, and saw 3 of its levels.

You collected 135 gold pieces.

Inventory:

Hand Weapons
 a - a -1 hand axe of flaming
 o - a +0 war axe
 s - a +0 broad axe (weapon)
Missiles
 k - 4 javelins (quivered)
 n - 23 stones
 p - 3 poisoned darts
Armour
 b - a +0 robe
 d - a +0 chain mail (worn)
Scrolls
 c - a scroll of amnesia {unknown}
 f - a scroll of poison {unknown}
 i - a scroll of enchant weapon {unknown}
 j - a scroll of teleportation {unknown}
 m - 2 scrolls of torment {unknown}
 q - 2 scrolls of identify {unknown}
Potions
 e - a potion of berserk rage {unknown}
 g - 2 potions of brilliance {unknown}
 h - 2 potions of degeneration {unknown}
 l - a potion of might {unknown}
 r - a potion of heal wounds {unknown}
 t - a potion of curing {unknown}
 u - a potion of magic {unknown}


   Skills:
 + Level 3.8 Fighting
 * Level 4.2 Axes
 + Level 1.9 Armour
 - Level 1.0 Spellcasting
 - Level 2.6 Fire Magic


You had 6 spell levels left.
You didn't know any spells.
Your spell library contained the following spells:

 Spells                   Type           Power      Damage    Failure   Level
 Scorch                   Fire           16%        2d6       80%         2
 Necrotise                Necr           0%         1d4       95%         1
 Sandblast                Erth           0%         2d4       95%         1
 Passwall                 Tmut/Erth      0%         N/A       99%         2
 Stone Arrow              Conj/Erth      0%         3d7       100%        3
 Vampiric Draining        Necr           0%         2d6       100%        3
 Agony                    Necr           0%         N/A       100%        5


Dungeon Overview and Level Annotations

Branches:
Dungeon (2/15)

Altars:

Annotations:
D:1 1 transporter
D:2 1 runed translucent door, Crazy Yiuf


Innate Abilities, Weirdness & Mutations

You are partially covered in large bone plates. (SH +4)


Message History

q - 2 scrolls labelled BOKU YTEOLLUSM (gained 1)
m - 2 scrolls labelled YMOFRE BISEENGEUKK (gained 1)
Found a stone staircase leading down.
There is a stone staircase leading down here.
u - a puce potion A jelly comes into view.
Found a scroll labelled UMAYTUT WENIPT.
The jelly quivers.
A jelly is nearby!
A jelly is nearby!
A kobold comes into view. It is wielding a +0 club.
The kobold shouts!
The jelly hits you but does no damage.
You slash the jelly! The acid corrodes you!
Your hands burn!
The jelly is severely wounded.
The jelly closely misses you. The jelly hits you.
You are splashed with acid.
You take 10 damage, and have 27/37 hp.
MASSIVE DAMAGE!!
You hit the jelly but do no damage.
Your hands burn!
The jelly is severely wounded.
The jelly hits you. The acid corrodes you!
You are splashed with acid!
You take 14 damage, and have 13/37 hp.
MASSIVE DAMAGE!!
You hit the jelly but do no damage.
Your hands burn!
The jelly is severely wounded.
The jelly barely misses you.
You hit the jelly. The acid corrodes you!
Your hands burn!
The jelly is almost dead.
The jelly barely misses you. The jelly hits you.
* * * LOW HITPOINT WARNING * * *
You are splashed with acid.
* * * LOW HITPOINT WARNING * * *
You take 8 damage, and have 5/37 hp.
MASSIVE DAMAGE!!
You slash the jelly!
You kill the jelly!
You have reached level 5!
MP restored: 6 You barely miss the kobold.
The kobold hits you with a +0 club.
* * * LOW HITPOINT WARNING * * *
You take 3 damage, and have 3/42 hp.
You closely miss the kobold. The kobold hits you with a +0 club.
You die...

#########.#.# #.#
#.# ##.. #.#># #.#
#.# #.) #.#.# #.#
#.#. #.) #.#.# #.#
#....##.. #.#.#
...#..... #.#.#
##...##.. #.#.# ##.
##. #.#.############
#[
#..@K...?......####.
######..............
#########.## #.# #.#
#.# #.# #.# #.#


You could see a kobold.

Vanquished Creatures
  2 jellies (D:4)
  Terence (D:2)
  An adder (D:4)
  A worm (D:2)
  2 dart slugs (D:1)
  An orc (D:4)
  2 endoplasms
  2 giant cockroaches (D:1)
  6 goblins
  4 hobgoblins
  4 kobolds
  2 quokkas
  A ball python (D:4)
  6 bats (D:1)
  A frilled lizard (D:1)
  8 rats
44 creatures vanquished.

Notes
Turn   | Place    | Note
-------+----------+-------------------------------------------
     0 | D:1      | jasper the Demonspawn Cinder Acolyte began the quest for
                  | the Orb.
     0 | D:1      | Reached XP level 1. HP: 18/18 MP: 2/2
   272 | D:1      | Reached skill level 3 in Axes
   272 | D:1      | Gained mutation: You are partially covered in large bone
                  | plates. (SH +4) [demonic ancestry]
   272 | D:1      | Reached XP level 2. HP: 24/24 MP: 3/3
   452 | D:1      | Reached skill level 1 in Armour
   613 | D:2      | Reached XP level 3. HP: 21/29 MP: 4/4
   652 | D:2      | Noticed Terence
   659 | D:2      | Killed Terence
   747 | D:2      | Found a runed translucent door.
   748 | D:2      | Noticed Crazy Yiuf
   773 | D:2      | You fall into a shaft and drop 2 floors!
   862 | D:4      | Reached XP level 4. HP: 32/35 MP: 5/5
  1069 | D:4      | Reached skill level 4 in Axes
  1175 | D:4      | Reached XP level 5. HP: 6/42 MP: 6/6
  1176 | D:4      | Slain by a kobold

Illustrated notes

Levels and vault maps discovered:
D:1:      spicycebolla_arrival_risky_transporter, layout_rooms,
          minmay_pentomino_t4
D:2:      layout_basic, basic_altar, grunt_ministairs_4, minmay_split_cup_small,
          uniq_terence, uniq_crazy_yiuf_cottage
D:4:      layout_loops_ring, serial_aquarium, aquarium_bridge_long_separate
          [aquarium_subvault_bridge, aquarium_subvault_wall,
          aquarium_subvault_bridge, aquarium_subvault_window,
          aquarium_subvault_window, aquarium_subvault_bridge],
          aquarium_window_fake, aquarium_window_1, aquarium_window_fake,
          aquarium_view_2e, aquarium_view_2f, aquarium_pool_five

Skill      XL: |  1  2  3  4 |
---------------+-------------+-----
Axes           | 3 4 |  4.2
Armour         | 1 |  1.9
Fighting       | |  3.8
Spellcasting   | |  1.0
Fire Magic     | |  2.6

Action                     |  1- 3 |  4- 6 || total
---------------------------+-------+-------++-------
  Melee: Hand axe          |    78 |       ||    78
         War axe           |    14 |    14 ||    28
         Broad axe         |       |    14 ||    14
  Throw: Javelin           |     1 |       ||     1
 Invoke: Fiery Armour      |     1 |       ||     1
 Armour: Chain mail        |    55 |    14 ||    69
  Dodge: Dodged            |    34 |    15 ||    49
  Block: Other             |    11 |     7 ||    18
